 Dungeon Crawl Stone Soup version 0.30.1-4-g462c640d31 (webtiles) character file.

Game seed: 2498606716561961880

406 safid the Chiller (level 6, -1/48 HPs)
             Began as a Merfolk Ice Elementalist on Aug 17, 2023.
             Slain by a white imp (2 damage)
             ... on level 4 of the Dungeon.
             The game lasted 00:05:39 (3714 turns).

safid the Chiller (Merfolk Ice Elementalist)        Turns: 3714, Time: 00:05:40

Health: -1/48      AC:  3    Str:  8    XL:     6   Next: 87%
Magic:  0/12       EV: 12    Int: 17    God:
Gold:   88         SH:  0    Dex: 14    Spells: 6/13 levels left

rFire   . . .        j - +0 dagger
rCold   . . .        (no shield)
rNeg    . . .        o - +0 robe {Will+}
rPois   .            (no helmet)
rElec   .            (no cloak)
rCorr   .            m - +0 pair of gloves
SInv    .            (no boots)
Will    +....        (no amulet)
Stlth   ++           (no ring)
HPRegen 0.28/turn    (no ring)
MPRegen 0.13/turn

%: no passive effects
@: invisible
A: (nimble swimmer 2), mertail
a: no special abilities


You were on level 4 of the Dungeon.
You visited 1 branch of the dungeon, and saw 4 of its levels.

You collected 180 gold pieces.
You spent 92 gold pieces at shops.

Inventory:

Hand Weapons
 j - a +0 dagger (weapon)
Armour
 m - a +0 pair of gloves (worn)
 o - a +0 robe of willpower (worn)
Scrolls
 b - a scroll of blinking {unknown}
 c - 2 scrolls of immolation {unknown}
 e - 3 scrolls of teleportation {unknown}
 f - a scroll of poison {unknown}
 g - 2 scrolls of enchant armour {unknown}
 h - 2 scrolls of vulnerability {unknown}
 k - 2 scrolls of fear {unknown}
 l - 4 scrolls of identify {unknown}
Potions
 a - a potion of might {unknown}
 i - a potion of berserk rage {unknown}
 n - a potion of flight {unknown}


   Skills:
 + Level 4.1 Fighting
 - Level 2.6 Dodging
 - Level 2.1 Stealth
 + Level 4.0 Spellcasting
 + Level 6.1 Ice Magic


You had 6 spell levels left.
You knew the following spells:

 Your Spells              Type           Power      Damage    Failure   Level
a - Freeze                Ice            96%        1d10      1%          1
b - Frozen Ramparts       Ice            48%        1d8       3%          3
c - Ozocubu's Armour      Ice            24%        N/A       3%          3

Your spell library contained the following spells:

 Spells                   Type           Power      Damage    Failure   Level
 Ensorcelled Hibernation  Hex/Ice        26%        N/A       7%          2
 Sandblast                Erth           6%         2d5       16%         1
 Summon Small Mammal      Summ           12%        N/A       16%         1
 Summon Ice Beast         Ice/Summ       13%        N/A       41%         4
 Call Canine Familiar     Summ           3%         N/A       43%         3
 Portal Projectile        Hex/Tloc       6%         N/A       43%         3
 Summon Guardian Golem    Hex/Summ       3%         N/A       43%         3
 Petrify                  Tmut/Erth      3%         N/A       83%         4
 Enfeeble                 Hex            1%         N/A       100%        7


Dungeon Overview and Level Annotations

Branches:
Dungeon (4/15)
 Temple: D:4-7

Altars:
Elyvilon

Shops:
D:4 [


Innate Abilities, Weirdness & Mutations

((You are very nimble when in or above water. (Stealth+, EV+, Speed+++)))
Your lower body shifts to a powerful aquatic tail in water.


Message History

You hit the white imp but do no damage.
You punch the white imp, but do no damage.
The white imp is moderately wounded.
The white imp gestures at you. The puff of frost hits you.
The goblin hits you but does no damage.
Casting: Freeze (safe; 1% risk of failure)
Confirm with . or Enter, or press ? or * to list all spells.
Aiming: Freeze (safe; 1% risk of failure)
Press: ? - help, Shift-Dir - straight line, f/p - white imp
Aim: a white imp (moderately wounded)
You freeze the white imp but do no damage.
The white imp completely resists.
The white imp gestures at you. The puff of frost misses you.
The goblin hits you but does no damage.
The ufetubus hits you but does no damage.
The ufetubus hits you.
You hit the goblin.
The goblin is severely wounded.
The ufetubus hits you. x2
* * * LOW HITPOINT WARNING * * *
The goblin misses you. The white imp barely misses you.
Unknown command.
You hit the goblin.
You kill the goblin!
The ufetubus closely misses you. The ufetubus hits you.
* * * LOW HITPOINT WARNING * * *
The ufetubus hits you.
* * * LOW HITPOINT WARNING * * *
The ufetubus barely misses you. The white imp hits you.
* * * LOW HITPOINT WARNING * * *
The white imp freezes you.
* * * LOW HITPOINT WARNING * * *
Unknown command.
It was a potion of invisibility.
You fade into invisibility!
The ufetubus closely misses you. The ufetubus misses you.
The white imp hits you.
* * * LOW HITPOINT WARNING * * *
The white imp freezes you.
You die...

...........
#............#
#######...##.......#
#.........##.......∩
#..................#
#..................#
#....##............#
#....##....5)5.....#
##.....#..)..@......#
#......#...##.......#
#......#...##.......#
#......#............#
#......#.............
#......#.............
##..##.####.##.####+##
###'####.##### #.#
.......#††.#


You could see a white imp (unable to see you) and an ufetubus (unable to see
you).

Vanquished Creatures
  Sigmund (D:2)
  An orc priest (D:3)
  A sleepcap (D:4)
  2 orc wizards (D:3)
  4 adders
  2 dart slugs
  7 orcs
  5 bats
  5 endoplasms
  5 giant cockroaches
  11 goblins
  3 hobgoblins (D:1)
  8 jackals
  4 kobolds
  2 quokkas
  7 ball pythons
  3 frilled lizards
  7 rats
78 creatures vanquished.

Notes
Turn   | Place    | Note
-------+----------+-------------------------------------------
     0 | D:1      | safid the Merfolk Ice Elementalist began the quest for the
                  | Orb.
     0 | D:1      | Reached XP level 1. HP: 13/13 MP: 3/3
     0 | D:1      | Noticed a ghoul
    17 | D:1      | Noticed a felid
   200 | D:1      | Reached XP level 2. HP: 11/20 MP: 5/5
   312 | D:1      | Reached skill level 1 in Fighting
   610 | D:1      | HP: 1/21 [hobgoblin (4)]
   778 | D:1      | Reached XP level 3. HP: 19/26 MP: 4/6
   784 | D:1      | Learned a level 3 spell: Frozen Ramparts
  1788 | D:2      | Noticed Sigmund
  1814 | D:2      | HP: 1/27 [something (8)]
  1817 | D:2      | Killed Sigmund
  1818 | D:2      | Reached skill level 5 in Ice Magic
  1818 | D:2      | Reached XP level 4. HP: 2/35 MP: 4/9
  1818 | D:2      | Reached XP level 5. HP: 3/41 MP: 4/10
  1822 | D:2      | Learned a level 3 spell: Ozocubu's Armour
  1883 | D:2      | Reached XP level 6. HP: 21/47 MP: 8/11
  3290 | D:3      | Reached skill level 6 in Ice Magic
  3553 | D:4      | Found Pihuops's Antique Armour Shop.
  3556 | D:4      | Bought a runed robe for 92 gold pieces
  3584 | D:4      | Found a white marble altar of Elyvilon.
  3679 | D:4      | Got the Volume of Arenous Imprecation
  3714 | D:4      | HP: 1/48 [white imp (3)]
  3714 | D:4      | Slain by a white imp

Illustrated notes

Levels and vault maps discovered:
D:1:      shiori_arrival_whats_in_store_for_you, layout_basic, serial_aquarium,
          aquarium_bridge_island_small [aquarium_subvault_small_open,
          aquarium_subvault_bridge, aquarium_subvault_bridge,
          aquarium_subvault_window, aquarium_subvault_wall],
          aquarium_bridge_square [aquarium_subvault_bridge,
          aquarium_subvault_bridge, aquarium_subvault_wall,
          aquarium_subvault_bridge], aquarium_window_3, aquarium_window_2,
          aquarium_window_fake, aquarium_view_2b, aquarium_balcony_1b,
          chequers_serial_rivers_small_a, chequers_mini_garden,
          minmay_hedge_maze
D:2:      layout_basic, minmay_misc_feat_roman, minmay_misc_feat_chi,
          minivault_27, uniq_sigmund
D:3:      layout_loops_cross
D:4:      cheibrodos_fertilizer, layout_gridville, lemuel_tele_altar,
          mainiacjoe_overflow_six_doors_small, minmay_temple_entry_junction,
          chequers_ossuary_entry_cave, nicolae_stop_n_shop_2

Skill      XL: |  1  2  3  4  5  6 |
---------------+-------------------+-----
Fighting       | 1 3 4 |  4.1
Spellcasting   | 3 4 |  4.0
Ice Magic      | 5 6 |  6.1
Dodging        | |  2.6
Stealth        | |  2.1

Action                     |  1- 3 |  4- 6 || total
---------------------------+-------+-------++-------
  Melee: Club              |    46 |       ||    46
         Unarmed           |     1 |       ||     1
         Dagger            |    65 |    62 ||   127
         Punch             |       |     1 ||     1
   Cast: Freeze            |    32 |    41 ||    73
         Frozen Ramparts   |     2 |     4 ||     6
    Use: Potion            |     2 |     1 ||     3
   Stab: Sleeping          |     2 |     2 ||     4
 Armour: Robe              |    34 |    24 ||    58
  Dodge: Dodged            |    88 |    69 ||   157
